 Dungeon Sprint DCSS version 0.30-a0-371-gad7725a93e (webtiles) character file.

Game seed: 14303057517230597691

590 Kingsmith the Thaumaturge (level 7, -3/57 HPs)
             Began as a Djinni Hedge Wizard on Nov 21, 2022.
             Was a Follower of Makhleb.
             Slain by a wraith (8 damage)
             ... in the Dungeon (Sprint IX: "|||||||||||||||||||||||||||||").
             The game lasted 00:05:52 (682 turns).

Kingsmith the Thaumaturge (Djinni Hedge Wizard)      Turns: 682, Time: 00:05:53

Health: -3/57      AC:  3    Str: 14    XL:     7   Next: 66%
Gold:   0          EV: 12    Int: 19    God:    Makhleb [*.....] SH:  0 Dex: 12

rFire   + + .      SeeInvis .    i - +2 morningstar (protect)
rCold   x . .      Faith    .    (no shield)
rNeg    . . .      Spirit   .    b - +0 robe
rPois   ∞          Reflect  .    c - +0 hat
rElec   .          Harm     .    (no cloak)
rCorr   .          Rampage  .    a - +0 pair of gloves
Will    .....      NoTele   +    (boots unavailable)
Stlth   ++........               (no amulet)
HPRegen 0.29/turn                j - +3 ring of intelligence
MPRegen 0.00/turn                k - +3 ring of strength

@: flying, slowed, very slow
A: sickness immunity, fire resistance 2, cold vulnerability 1, float, innate
caster, HP casting, extra vitality 1
a: Renounce Religion


You were in the Dungeon.
You worshipped Makhleb.
Makhleb was aware of your devotion.
You visited 1 branch

Inventory:

Hand Weapons
 i - a +2 morningstar of protection (weapon)
Armour
 a - a +0 pair of gloves (worn)
 b - a +0 robe (worn)
 c - a +0 hat (worn)
 l - a +2 ring mail
Jewellery
 j - a +3 ring of intelligence (left hand)
 k - a +3 ring of strength (right hand)
Wands
 g - a wand of roots (10)
Scrolls
 h - 2 scrolls of blinking
Potions
 d - a potion of invisibility
 f - 4 potions of curing


   Skills:
 + Level 6.4 Fighting
 - Level 2.1 Short Blades
 + Level 6.2 Armour
 - Level 2.1 Dodging
 - Level 1.5 Stealth
 + Level 9.8 Spellcasting


You had 8 spell levels left.
You knew the following spells:

 Your Spells              Type           Power      Damage    Failure   Level
a - Magic Dart            Conj           100%       1d8       1%          1
b - Slow                  Hex            100%       N/A       1%          1
c - Blink                 Tloc           92%        N/A       1%          2
d - Call Imp              Summ           46%        N/A       1%          2
e - Cigotuvi's Dreadful   Necr/Pois/Air  92%        N/A       1%          2
f - Mephitic Cloud        Conj/Pois/Air  46%        N/A       1%          3
g - Kiss of Death         Conj/Necr      100%       2d13      1%          1
h - Poisonous Vapours     Pois/Air       92%        N/A       1%          2
i - Hailstorm             Conj/Ice       46%        3d11      1%          3
Your spell library was empty.

Dungeon Overview and Level Annotations

Branches:
Dungeon (1/1)

Altars:
Cheibriados
Dithmenos
Elyvilon
Fedhas
Gozag
Hepliaklqana
Makhleb
Nemelex Xobeh
Okawaru
Qazlal
Ru
Trog
Uskayaw
Wu Jian
Xom
Yredelemnul
Zin
The Shining One
Jiyva
Lugonu


Innate Abilities, Weirdness & Mutations

You are immune to sickness and miasma.
You are immune to poison.
Your flesh is very heat resistant. (rF++)
You are vulnerable to cold. (rC-)
You float through the air rather than walking.
You learn spells naturally, not from books.
Your magical power is your life essence.
You have superior vitality. (+4 MHP)


Message History

The wraith hits you!
* * * LOW HITPOINT WARNING * * *
Casting: Magic Dart (safe; 1% risk of failure)
Confirm with . or Enter, or press ? or * to list all spells.
Aiming: Magic Dart (safe; 1% risk of failure)
Press: ? - help, Shift-Dir - straight line, f/p - wraith
Aim: a wraith (heavily damaged, 100% to hit)
The magic dart hits the wraith.
The wraith is severely damaged.
* * * LOW HITPOINT WARNING * * *
The wraith closely misses you.
You feel much better. The wraith hits you!
* * * LOW HITPOINT WARNING * * *
The wraith drains your vigour!
You feel as though you will be slow longer.
The wraith hits you.
* * * LOW HITPOINT WARNING * * *
Casting: Magic Dart (safe; 1% risk of failure)
Confirm with . or Enter, or press ? or * to list all spells.
Aiming: Magic Dart (safe; 1% risk of failure)
Press: ? - help, Shift-Dir - straight line, f/p - wraith
Aim: a wraith (severely damaged, 100% to hit)
The magic dart hits the wraith.
The wraith is severely damaged.
* * * LOW HITPOINT WARNING * * *
The wraith barely misses you.
Casting: Magic Dart (safe; 1% risk of failure)
Confirm with . or Enter, or press ? or * to list all spells.
Aiming: Magic Dart (safe; 1% risk of failure)
Press: ? - help, Shift-Dir - straight line, f/p - wraith
Aim: a wraith (severely damaged, 100% to hit)
The magic dart hits the wraith but does no damage.
The wraith is severely damaged.
* * * LOW HITPOINT WARNING * * *
The wraith hits you!
* * * LOW HITPOINT WARNING * * *
The wraith drains your vigour!
You feel as though you will be slow longer.
The wraith hits you!
You die... ▓▓▓▓▓▓▓▓▓▓▓▓▓▓▓▓▓▓ ▓@W..'.)...).....' ▓▓▓▓▓▓▓▓▓▓▓▓▓▓▓▓▓▓

You could see a wraith.

Vanquished Creatures
  3 yaks (D)
  A necrophage (D)
  An adder (D)
  An ufetubus (D)
  An orc (D)
  A ball python (D)
  An endoplasm (D)
  A kobold (D)
  A bat (D)
  A rat (D)
12 creatures vanquished.

Vanquished Creatures (collateral kills)
  An ice beast (D)
1 creature vanquished.

Grand Total: 13 creatures vanquished

Notes
Turn   | Place    | Note
-------+----------+-------------------------------------------
     0 | D        | Kingsmith the Djinni Hedge Wizard began the quest for the
                  | Orb.
     0 | D        | Kingsmith set off with the following spells memorised:
                  | Magic Dart, Slow, Blink, Call Imp, Cigotuvi's Dreadful Rot,
                  | Mephitic Cloud.
     0 | D        | Reached XP level 1. HP: 15/15 MP: 0/0
     8 | D        | Reached skill level 3 in Spellcasting
    70 | D        | Noticed a necrophage
    70 | D        | Noticed an ice beast
    79 | D        | Reached skill level 4 in Spellcasting
    79 | D        | Reached XP level 2. HP: 21/21 MP: 0/0
    83 | D        | Reached XP level 3. HP: 25/25 MP: 0/0
    83 | D        | Learned a level 1 spell: Kiss of Death
    91 | D        | Killed a necrophage
    92 | D        | Reached skill level 1 in Short Blades
    92 | D        | Reached skill level 6 in Spellcasting
    92 | D        | Reached XP level 4. HP: 31/31 MP: 0/0
   114 | D        | Killed an ice beast
   115 | D        | Reached skill level 1 in Fighting
   115 | D        | Reached skill level 8 in Spellcasting
   115 | D        | Reached XP level 5. HP: 14/37 MP: 0/0
   115 | D        | Learned a level 2 spell: Poisonous Vapours
   207 | D        | Found a snail-covered altar of Cheibriados.
   207 | D        | Found a shadowy altar of Dithmenos.
   207 | D        | Found a white marble altar of Elyvilon.
   207 | D        | Found a blossoming altar of Fedhas.
   207 | D        | Found an opulent altar of Gozag.
   208 | D        | Found a hazy altar of Hepliaklqana.
   209 | D        | Found a viscous altar of Jiyva.
   211 | D        | Found a corrupted altar of Lugonu.
   212 | D        | Found a burning altar of Makhleb.
   213 | D        | Found a sparkling altar of Nemelex Xobeh.
   214 | D        | Found an iron altar of Okawaru.
   215 | D        | Found a stormy altar of Qazlal.
   216 | D        | Found a sacrificial altar of Ru.
   240 | D        | Found a bloodstained altar of Trog.
   241 | D        | Found a hide-covered altar of Uskayaw.
   243 | D        | Found an ornate altar of the Wu Jian Council.
   244 | D        | Found a shimmering altar of Xom.
   245 | D        | Found a basalt altar of Yredelemnul.
   246 | D        | Found a glowing silver altar of Zin.
   247 | D        | Found a glowing golden altar of the Shining One.
   264 | D        | Became a worshipper of Makhleb the Destroyer
   310 | D        | Noticed a yak
   310 | D        | Noticed a yak
   310 | D        | Noticed a yak
   310 | D        | Noticed a wraith
   310 | D        | Noticed a wraith
   310 | D        | Noticed a gargoyle
   329 | D        | Killed a yak
   329 | D        | Killed a yak
   330 | D        | Reached skill level 5 in Fighting
   330 | D        | Reached skill level 5 in Armour
   330 | D        | Reached skill level 9 in Spellcasting
   330 | D        | Reached XP level 6. HP: 25/50 MP: 0/0
   330 | D        | Reached XP level 7. HP: 28/55 MP: 0/0
   330 | D        | Learned a level 3 spell: Hailstorm
   656 | D        | Killed a yak
   656 | D        | Reached * piety under Makhleb
   682 | D        | Slain by a wraith

Illustrated notes

Levels and vault maps discovered:
D:        linesprint [early_d, line_temple, items_1, d_10, items_2, lair_1,
          lair_end, items_3, orc_1, orc_end, items_4, d_15, swamp_1, shoals_1,
          snake_1, spider_1, d_20, vaults_1, items_5, swamp_end, shoals_end,
          snake_end, spider_end, vaults_end, d_27, items_6, zot_1, zot_end,
          crypt_end, forest_end, elf_end, slime_end, tomb_end, abyss_end,
          pan_hell_end]

Skill      XL: |  1  2  3  4  5  6  7 |
---------------+----------------------+-----
Spellcasting   | 4 6 8 9 |  9.8
Short Blades   | 1 2 |  2.1
Fighting       | 1 5 6 |  6.4
Armour         | 5 6 |  6.2
Dodging        | |  2.1
Stealth        | |  1.5

Action                   |  1- 3 |  4- 6 |  7- 9 || total
-------------------------+-------+-------+-------++-------
Melee: Dagger            |    18 |     2 |       ||    20
       Morningstar       |       |     1 |     1 ||     2
 Cast: Magic Dart        |    12 |     7 |    22 ||    41
       Call Imp          |       |     3 |    11 ||    14
       Blink             |       |     1 |     2 ||     3
       Mephitic Cloud    |       |     1 |     1 ||     2
       Poisonous Vapours |       |     1 |       ||     1
       Hailstorm         |       |       |     1 ||     1
  Use: Potion            |     3 |     1 |     2 ||     6
Armor: Robe              |     2 |       |     2 ||     4
Dodge: Dodged            |    18 |       |    14 ||    32

Table legend: (Time is in decaauts)
 A = Elapsed time spent in this place.
 B = Non-inter-level travel time spent in this place.
 C = Inter-level travel time spent in this place.
 D = Time resting spent in this place.
 E = Time spent auto-exploring this place.
 F = Levels seen in this place.
 G = Mean time per level.
                   A        B        C        D        E       F      G
               +--------+--------+--------+--------+--------+-----+--------+
         Total |    677 |    677 |      0 |    354 |      0 |   1 |  677.0 |
       Dungeon |    677 |    677 |      0 |    354 |      0 |   1 |  677.0 |
               +--------+--------+--------+--------+--------+-----+--------+

Top non-repeatable levels by time:
       D: 677 daAuts
